 Dungeon Crawl Stone Soup version 0.27-a0-262-gc50aac273e (webtiles) character file.

Game seed: 15084026642876515984

13004 kae the Grappler (level 11, -17/112 HPs)
             Began as a Yellow Draconian Transmuter on Feb 4, 2021.
             Was an Initiate of Ru.
             Killed from afar by a fire dragon (72 damage)
             ... with a blast of flame
             ... on level 10 of the Dungeon.
             The game lasted 00:11:38 (15190 turns).

kae the Grappler (Yellow Draconian Transmuter)     Turns: 15190, Time: 00:11:39

Health: -17/112    AC:  7    Str: 15    XL:     11   Next: 69%
Magic:  18/21      EV: 13    Int: 13    God:    Ru [......]
Gold:   976        SH:  0    Dex: 13    Spells: 11/24 levels left

rFire    x x .     SeeInvis .     - Unarmed
rCold    + + +     Faith    .   (shield currently unavailable)
rNeg     + . .     Spirit   .   (armour unavailable)
rPois    +         Reflect  .   (helmet currently unavailable)
rElec    .         Harm     .   (cloak currently unavailable)
rCorr    .         Rampage  .   (gloves currently unavailable)
Will     .....                  (boots currently unavailable)
Stlth    +.........             j - amulet of regeneration
HPRegen  0.68/turn              p - ring of positive energy
MPRegen  0.17/turn              i - ring of ice

@: ice-form
A: large, (spit acid), unfitting armour, AC +7
a: End Transformation, Renounce Religion


You were on level 10 of the Dungeon.
You worshipped Ru.
Ru was noncommittal.
You were a creature of crystalline ice.
You visited 2 branches of the dungeon, and saw 11 of its levels.
You also visited: Ossuary.

You collected 976 gold pieces.

Inventory:

Armour
 m - a scarf of shadows
 o - a scarf of invisibility (melded)
Jewellery
 b - the ring "Jouhoid" {rF+ rC++ rN+ AC+4 Str-2, unknown}
   (You found it on level 9 of the Dungeon)

   [ring of protection]

   It affects your AC (+4).
   It affects your strength (-2).
   It protects you from fire.
   It greatly protects you from cold.
   It protects you from negative energy.
 e - an uncursed amulet of guardian spirit
 i - a ring of ice (right front paw)
 j - an amulet of regeneration (around neck)
 p - a ring of positive energy (left front paw)
 D - a +6 ring of strength {unknown}
 E - an uncursed ring of magical power {unknown}
 H - an uncursed ring of stealth {unknown}
 J - a +4 ring of protection {unknown}
Wands
 r - a wand of random effects (42)
 u - a wand of polymorph (19)
 z - a wand of flame (15)
 C - a wand of iceblast (27)
 F - a wand of paralysis (5)
Scrolls
 d - a scroll of teleportation
 h - 2 scrolls of immolation
 k - 11 scrolls of identify
 s - 4 scrolls of magic mapping
 v - 3 scrolls of remove curse
 y - a scroll of holy word
 A - 2 scrolls of enchant weapon
 B - 3 scrolls of fog
 G - a scroll of acquirement {unknown}
Potions
 a - 2 potions of lignification
 c - a potion of resistance
 f - 4 potions of brilliance
 g - a potion of ambrosia
 l - 3 potions of haste
 n - 2 potions of flight
 q - 6 potions of curing
 t - 5 potions of heal wounds
 w - a potion of invisibility
 x - a potion of cancellation
Miscellaneous
 I - a tin of tremorstones (2/2)


   Skills:
 + Level 8.2 Fighting
 + Level 7.1 Dodging
 * Level 11.0 Unarmed Combat
 + Level 7.1 Spellcasting
 + Level 7.7 Transmutations
 - Level 4.0 Ice Magic
 - Level 2.6 Poison Magic


You had 11 spell levels left.
You knew the following spells:

 Your Spells              Type           Power        Failure   Level
a - Beastly Appendage     Tmut           48%          1%          1
b - Spider Form           Tmut/Pois      9%           5%          3
c - Ice Form              Ice/Tmut       29%          14%         4
d - Blade Hands           Tmut           12%          17%         5

Your spell library contained the following spells:

 Spells                   Type           Power        Failure   Level
 Wereblood                Tmut           24%          1%          2
 Foxfire                  Conj/Fire      16%          16%         1
 Conjure Flame            Conj/Fire      4%           41%         3
 Inner Flame              Hex/Fire       4%           41%         3
 Yara's Violent Unravell  Hex/Tmut       7%           65%         5
 Cause Fear               Hex            2%           83%         4
 Sticky Flame             Conj/Fire      4%           83%         4
 Fireball                 Conj/Fire      2%           99%         5
 Silence                  Hex/Air        2%           99%         5
 Discord                  Hex            2%           100%        8


Dungeon Overview and Level Annotations

Branches:
Dungeon (10/15)            Temple (1/1) D:6             Orc (0/2) D:9
Ossuary (visited)
   Lair: D:8-11

Altars:
Ashenzari
Cheibriados
Dithmenos
Elyvilon
Fedhas
Gozag
Hepliaklqana
Kikubaaqudgha
Makhleb
Nemelex Xobeh
Okawaru
Qazlal
Ru
Sif Muna
Trog
Uskayaw
Vehumet
Wu Jian
Xom
Yredelemnul
Zin
The Shining One


Innate Abilities, Weirdness & Mutations

((You can spit globs of acid.))
((Your golden yellow scales are hard. (AC +7)))
You cannot fit into any form of body armour.
((You are cold-blooded and may be slowed by cold attacks.))
((You are resistant to acid. (rCorr)))


Message History

You hit the fire dragon but do no damage.
The fire dragon is moderately wounded.
The worker ant bites you but does no damage.
You barely miss the fire dragon.
The fire dragon is moderately wounded.
The fire dragon breathes flames at you. The blast of flame hits you!
The fire burns you terribly!
You punch the fire dragon! You freeze the fire dragon.
The fire dragon is heavily wounded.
The worker ant bites you. The fire dragon misses you.
The fire dragon claws you! The fire dragon tramples you.
You hold your ground!
You are too injured to fight recklessly!
You are too injured to fight recklessly!
The worker ant bites you. The fire dragon breathes flames at you.
The blast of flame hits the worker ant!!
The worker ant dies!
The blast of flame hits you!!!! The fire burns you terribly!
Ouch! That really hurt!
You die...

....##.(.#)#...#...#..#..#....#
.#########.#########.## ##..###
.....#...#†#...##..... #.[#
.###.#.#.....#.#.. #### ..# .#
#.#..##.##..#.# $$##
.###.##.#.#.#.##.# $$$#
.........#.#.....# .$$#
.###.##.#.#.#.##.# ..$# .#
#.#..##.##..#Y## s)#
.###.#.#.....#.#..##.##..#
.....#...#.#...##..DT...#
.#########.#########.####
.......................
.........................
#######################.## .# #


You could see a fire dragon (catching breath).

Vanquished Creatures
  Josephine (D:10)
  A centaur warrior (D:10)
  A two-headed ogre (D:9)
  A skeletal warrior (D:10)
  An unseen horror (D:10)
  2 trolls (D:10)
  Grinder (D:3)
  A redback (D:10)
  5 wraiths
  A wyvern (D:9)
  8 yaks
  Grum (D:9)
  A steam dragon (D:10)
  Menkaure (D:5)
  Purgy (D:2)
  A necrophage (D:9)
  6 ice beasts
  7 orc warriors
  2 sky beasts
  3 black bears
  3 wolves (D:9)
  3 centaurs
  4 ogres
  3 phantoms
  5 bullfrogs
  2 big kobolds
  Blork the orc (D:5)
  3 scorpions
  4 killer bees
  A water moccasin skeleton (D:10)
  6 wights
  A howler monkey (D:9)
  2 bullfrog zombies
  A quasit (D:8)
  4 bullfrog skeletons
  4 centaur zombies
  5 hounds
  11 orc priests
  2 jellies
  A centaur skeleton (D:7)
  A gnoll shaman (D:5)
  11 orc wizards
  5 iguanas
  10 worker ants
  A hound skeleton (D:5)
  A worker ant zombie (D:9)
  Robin (D:2)
  4 gnolls (D:5)
  A howler monkey zombie (D:10)
  7 adders
  3 shadow imps
  2 white imps
  4 ufetubi
  An ooze (D:1)
  An adder zombie (Ossuary)
  3 adder skeletons
  7 worms
  2 dart slugs
  4 leopard geckos
  68 orcs
  2 giant cockroaches
  16 goblins
  11 hobgoblins
  19 jackals
  6 quokkas
  2 ball python skeletons (Ossuary)
  5 bats
  6 frilled lizards
  A hobgoblin skeleton (Ossuary)
  18 kobolds
  A kobold zombie (Ossuary)
  A leopard gecko skeleton (D:5)
  An orc skeleton (Ossuary)
  2 orc zombies (Ossuary)
  4 rats
344 creatures vanquished.

Vanquished Creatures (others)
  A worker ant (D:10)
1 creature vanquished.

Grand Total: 345 creatures vanquished

Notes
Turn   | Place    | Note
-------+----------+-------------------------------------------
     0 | D:1      | kae the Draconian Transmuter began the quest for the Orb.
     0 | D:1      | Reached XP level 1. HP: 16/16 MP: 3/3
   287 | D:1      | Reached XP level 2. HP: 21/23 MP: 3/5
  1111 | D:2      | Noticed Robin
  1133 | D:1      | Reached XP level 3. HP: 11/28 MP: 6/6
  1326 | D:1      | Learned a level 3 spell: Spider Form
  1844 | D:2      | Killed Robin
  2022 | D:2      | Reached XP level 4. HP: 28/35 MP: 5/7
  2199 | D:2      | Reached skill level 1 in Poison Magic
  3140 | D:3      | Reached skill level 4 in Unarmed Combat
  3402 | D:2      | Reached XP level 5. HP: 28/41 MP: 6/8
  3576 | D:3      | Noticed Purgy
  3595 | D:2      | Killed Purgy
  3596 | D:2      | Reached XP level 6. HP: 42/50 MP: 6/10
  3998 | D:3      | Noticed an orc warrior
  4041 | D:3      | Learned a level 4 spell: Ice Form
  4270 | D:3      | Killed an orc warrior
  4315 | D:3      | Reached skill level 1 in Ice Magic
  4436 | D:3      | Your scales start taking on a golden yellow colour.
  4436 | D:3      | Reached XP level 7. HP: 57/57 MP: 7/11
  4436 | D:3      | Gained mutation: You are resistant to acid. (rCorr) [Yellow
                  | Draconian growth]
  4535 | D:4      | Reached skill level 5 in Unarmed Combat
  4849 | D:4      | Found a sand-covered staircase.
  4853 | Ossuary  | Entered an ossuary
  5090 | Ossuary  | Noticed a wraith
  5090 | Ossuary  | Noticed a flying skull
  5099 | Ossuary  | Noticed a flying skull
  5104 | Ossuary  | Noticed a flying skull
  5125 | Ossuary  | Noticed a flying skull
  5174 | Ossuary  | Noticed a flying skull
  5175 | Ossuary  | Noticed a wraith
  5186 | Ossuary  | Killed a wraith
  5364 | Ossuary  | Noticed a wraith
  5370 | Ossuary  | Killed a wraith
  5505 | D:4      | Reached XP level 8. HP: 66/66 MP: 9/13
  5538 | D:4      | Noticed Grinder
  5612 | D:3      | Paralysed by Grinder for 7 turns
  5620 | D:3      | Killed Grinder
  5767 | D:4      | Reached skill level 6 in Unarmed Combat
  6507 | D:5      | Entered Level 5 of the Dungeon
  6678 | D:5      | Noticed Blork the orc
  6701 | D:5      | Killed Blork the orc
  7180 | D:5      | Noticed Menkaure
  7494 | D:5      | Reached XP level 9. HP: 72/72 MP: 11/15
  7633 | D:5      | Killed Menkaure
  7634 | D:5      | Reached skill level 7 in Unarmed Combat
  8041 | D:6      | Reached skill level 5 in Fighting
  8108 | D:6      | Found a staircase to the Ecumenical Temple.
  8174 | D:6      | Reached skill level 5 in Transmutations
  8191 | Temple   | Entered the Ecumenical Temple
  8428 | Temple   | Became a worshipper of Ru the Awakened
  9081 | D:6      | Reached skill level 5 in Spellcasting
  9952 | D:7      | Reached skill level 5 in Dodging
  9952 | D:7      | Reached skill level 8 in Unarmed Combat
 10569 | D:7      | Found an opulent altar of Gozag.
 10864 | D:7      | Reached XP level 10. HP: 82/83 MP: 17/17
 12640 | D:9      | Found a staircase to the Orcish Mines.
 12658 | D:9      | Reached skill level 9 in Unarmed Combat
 12992 | D:9      | Got a glittering lapis lazuli ring
 13211 | D:9      | Noticed Grum
 13224 | D:9      | Killed Grum
 13366 | D:9      | Noticed a two-headed ogre
 13389 | D:9      | Killed a two-headed ogre
 13762 | D:10     | Entered Level 10 of the Dungeon
 13926 | D:10     | Killed an unseen horror
 13927 | D:10     | Reached skill level 10 in Unarmed Combat
 13927 | D:10     | Reached XP level 11. HP: 11/92 MP: 20/20
 14139 | D:10     | Noticed a centaur warrior
 14150 | D:10     | Killed a centaur warrior
 14237 | D:10     | Noticed a skeletal warrior
 14279 | D:9      | Learned a level 5 spell: Blade Hands
 14291 | D:10     | Killed a skeletal warrior
 14933 | D:10     | Noticed Josephine
 14964 | D:10     | Killed Josephine
 14969 | D:10     | Reached skill level 11 in Unarmed Combat
 15179 | D:10     | Noticed a fire dragon
 15190 | D:10     | Killed from afar by a fire dragon

Illustrated notes

Levels and vault maps discovered:
D:1:      dpeg_arrival_rhombi, layout_loops_ring, chequers_serial_rivers_micro_b
D:2:      layout_basic, uniq_robin
D:3:      layout_basic, uniq_purgy
D:4:      layout_gridville, enter_ossuary_5, minmay_misc_feat_rugged,
          sigmund_army, uniq_grinder
D:5:      layout_basic, uniq_menkaure, uniq_blork_the_orc
D:6:      layout_layer_cave, minmay_temple_entry_drinking_statues
D:7:      layout_basic, kennysheep_little_box
D:8:      layout_loops_ring, special_room [special_room_orc],
          roderic_nine_men_s_morris, lightli_corner_chamber
D:9:      layout_roguey, orc_0_dummy, uniq_grum
D:10:     minmay_the_grid_3x2 [minmay_the_grid_dragon_b,
          minmay_the_grid_odd_star, minmay_the_grid_minigrid_large,
          minmay_the_grid_spikes, minmay_the_grid_small_cups,
          minmay_the_grid_prize_big_room], layout_basic, gammafunk_ghost_smash,
          uniq_josephine
Temple:   nicolae_temple_the_god_donut

Skill      XL: |  1  2  3  4  5  6  7  8  9 10 11 |
---------------+----------------------------------+-----
Dodging        | 2 3 4 5 6 7 |  7.1
Poison Magic   | 1 2 |  2.6
Fighting       | 2 3 4 5 7 8 |  8.2
Unarmed Combat | 4 5 6 8 10 11 | 11.0
Transmutations | 3 4 5 6 7 |  7.7
Spellcasting   | 3 4 5 6 7 |  7.1
Ice Magic      | 1 2 4 |  4.0

Action                   |  1- 3 |  4- 6 |  7- 9 | 10-12 || total
-------------------------+-------+-------+-------+-------++-------
Melee: Unarmed           |   112 |   198 |   493 |   337 ||  1140
       Kick              |     7 |     9 |     4 |       ||    20
       Tailslap          |     5 |    13 |    16 |    10 ||    44
       Headbutt          |     3 |     3 |     1 |       ||     7
       Punch             |       |     3 |     1 |     1 ||     5
 Cast: Beastly Appendage |    16 |    13 |     1 |       ||    30
       Spider Form       |     3 |    16 |    37 |       ||    56
       Ice Form          |       |       |    17 |    25 ||    42
       Blade Hands       |       |       |       |     2 ||     2
Invok: Reject Sacrifices |       |       |     1 |       ||     1
 Abil: Breathe Acid      |       |       |     1 |     6 ||     7
       End Transformatio |       |       |       |     1 ||     1
  Use: Potion            |     2 |     1 |     1 |       ||     4
       Scroll            |       |     5 |    17 |     3 ||    25
 Stab: Invisible         |       |     1 |       |       ||     1
Armor: Skin              |    21 |    25 |    87 |    64 ||   197
Dodge: Dodged            |    78 |   161 |   409 |   187 ||   835

Table legend: (Time is in decaauts)
 A = Elapsed time spent in this place.
 B = Non-inter-level travel time spent in this place.
 C = Inter-level travel time spent in this place.
 D = Time resting spent in this place.
 E = Time spent auto-exploring this place.
 F = Levels seen in this place.
 G = Mean time per level.
                   A        B        C        D        E       F      G
               +--------+--------+--------+--------+--------+-----+--------+
         Total |  15082 |  14434 |    648 |   2116 |   9791 |  12 | 1256.8 |
       Dungeon |  14206 |  13582 |    624 |   1945 |   9273 |  10 | 1420.6 |
        Temple |    258 |    234 |     24 |      0 |    232 |   1 |  258.0 |
       Ossuary |    616 |    616 |      0 |    171 |    286 |   1 |  616.0 |
               +--------+--------+--------+--------+--------+-----+--------+

Top non-repeatable levels by time:
     D:6: 1790 daAuts
     D:2: 1704 daAuts
     D:1: 1701 daAuts
     D:4: 1556 daAuts
     D:7: 1421 daAuts
    D:10: 1392 daAuts
     D:8: 1345 daAuts
     D:3: 1202 daAuts
     D:5: 1112 daAuts
     D:9: 979 daAuts
 Ossuary: 616 daAuts
  Temple: 258 daAuts
